 Dungeon Crawl Stone Soup version 0.30-a0-365-ge7f957f1db (webtiles) character file.

Game seed: 9842294078551039869

2142 qeuew the Trooper (level 9, -1/70 HPs)
             Began as a Hill Orc Fighter on Nov 16, 2022.
             Slain by an orc warrior
             ... wielding a +2 vampiric glaive
              (9 damage)
             ... on level 8 of the Dungeon.
             The game lasted 00:09:16 (6659 turns).

qeuew the Trooper (Hill Orc Fighter)                Turns: 6659, Time: 00:09:17

Health: -1/70      AC: 11    Str: 19    XL:     9   Next: 30%
Magic:  9/9        EV: 11    Int:  8    God:
Gold:   436        SH:  6    Dex: 19    Spells: 8/8 levels left

rFire   . . .      SeeInvis .    d - +8 hand axe of Dissent {speed, Will+ Dex+5}
rCold   . . .      Faith    .    c - +0 buckler
rNeg    . . .      Spirit   .    b - +0 scale mail
rPois   .          Reflect  .    (no helmet)
rElec   .          Harm     .    (no cloak)
rCorr   +          Rampage  .    (no gloves)
Will    +....                    (no boots)
Stlth   ..........               (no amulet)
HPRegen 0.00/turn                f - +4 ring of protection
MPRegen 0.11/turn                k - ring of resist corrosion

@: about to teleport, inhibited regen
A: frail 1, inhibited regeneration
a: Convert to Beogh


You were on level 8 of the Dungeon.
You visited 1 branch of the dungeon, and saw 8 of its levels.
You also visited: Sewer.

You collected 436 gold pieces.

Inventory:

Hand Weapons
 a - a +1 vampiric war axe
 d - the +8 hand axe of Dissent (weapon) {speed, Will+ Dex+5}
   (You found it on level 6 of the Dungeon)

   Attacks with this weapon are significantly faster.
   Dex:       It affects your dexterity (+5).
   Will:      It increases your willpower.
Armour
 b - a +0 scale mail (worn)
 c - a +0 buckler (worn)
Jewellery
 f - a +4 ring of protection (left hand)
 k - a ring of resist corrosion (right hand)
Wands
 o - a wand of mindburst (4)
 r - a wand of iceblast (7)
Scrolls
 e - a scroll of fear
 g - 2 scrolls of teleportation
 i - a scroll of enchant weapon
 j - 2 scrolls of enchant armour
 m - a scroll of fog
 n - a scroll of identify
 p - a scroll of acquirement
Potions
 l - a potion of flight


   Skills:
 + Level 6.9 Fighting
 + Level 6.9 Axes
 + Level 6.4 Armour
 + Level 3.9 Dodging
 + Level 6.4 Shields
 + Level 4.2 Evocations


You had 8 spell levels left.
You didn't know any spells.
Your spell library contained the following spells:

 Spells                   Type           Power      Damage    Failure   Level
 Slow                     Hex            0%         N/A       83%         1
 Blink                    Tloc           0%         N/A       92%         2
 Ensorcelled Hibernation  Hex/Ice        0%         N/A       92%         2
 Momentum Strike          Conj/Tloc      0%         3d8       92%         2
 Passwall                 Tmut/Erth      0%         N/A       92%         2
 Scorch                   Fire           0%         2d5       92%         2
 Static Discharge         Conj/Air       0%         2-2/arc   92%         2
 Sublimation of Blood     Necr           0%         N/A       92%         2
 Wereblood                Tmut           0%         N/A       92%         2
 Confusing Touch          Hex            0%         N/A       99%         3
 Lesser Beckoning         Tloc           0%         N/A       99%         3
 Spider Form              Tmut/Pois      0%         N/A       99%         3
 Swiftness                Air            0%         N/A       99%         3
 Vampiric Draining        Necr           0%         2d6       99%         3
 Vhi's Electric Charge    Tloc/Air       0%         N/A       99%         3
 Anguish                  Hex/Necr       0%         N/A       100%        4
 Animate Armour           Summ/Erth      0%         N/A       100%        4
 Flame Wave               Conj/Fire      0%         2d4       100%        4
 Arcjolt                  Conj/Air       0%         1d10      100%        5
 Blade Hands              Tmut           0%         N/A       100%        5
 Lightning Bolt           Conj/Air       0%         1d11      100%        5
 Iron Shot                Conj/Erth      0%         9d1       100%        6
 Summon Cactus Giant      Summ           0%         N/A       100%        6
 Summon Hydra             Summ           0%         N/A       100%        7


Dungeon Overview and Level Annotations

Branches:
Dungeon (8/15)             Temple (0/1) D:4           Sewer (visited)
   Lair: D:8-11

Altars:
Hepliaklqana
Nemelex Xobeh
Vehumet

Shops:
D:6 **   D:7 (   D:8 *

Annotations:
D:4 1 runed translucent door, Heh's ghost, amateur OpFi


Innate Abilities, Weirdness & Mutations

You are frail. (-10% HP)
You do not regenerate when monsters are visible.


Message History

The orc dies!
The ball of steam hits you!! The orc warrior closely misses you.
Found 14 gold pieces.
The orc warrior barely misses you.
Things that are here:
a +0 dagger; a +0 robe You hit the orc warrior.
The orc warrior is lightly wounded.
You hit the steam dragon but do no damage.
The orc warrior is engulfed in a cloud of scalding steam.
The steam dragon bites you but does no damage.
You block the steam dragon's attack.
You slash the orc warrior!
The orc warrior is severely wounded.
You slash the steam dragon! You barely miss the orc warrior.
The orc warrior is severely wounded.
You barely miss the steam dragon.
The orc warrior hits you with a +2 vampiric glaive!
The orc warrior draws strength from your wounds!
The steam dragon bites you but does no damage.
The steam dragon closely misses you.
Found a robe.
The orc warrior barely misses you. The steam dragon closely misses you.
The steam dragon claws you. The orc priest misses you.
You closely miss the steam dragon.
The steam dragon is moderately wounded.
You hit the orc warrior. You closely miss the orc priest.
The orc priest shouts, "Surrender to Beogh and we'll let you live!"
The orc priest hits you with a +0 flail.
The steam dragon closely misses you.
The steam dragon claws you but does no damage.
The orc warrior hits you with a +2 vampiric glaive.
The orc warrior draws strength from your wounds!
As you read the scroll of teleportation, it crumbles to dust.
You feel strangely unstable. The steam dragon breathes steam at you.
The ball of steam hits you!
* * * LOW HITPOINT WARNING * * *
The orc warrior hits you with a +2 vampiric glaive!
You die...

.##..........###..##### #.....#
.#####..##............####.....#
## #..##...###....#..........#
....................##.....# ##
.#.####..######........##
................#.......
.......§........#.###∩..
.......§o.......#.......
......o@)§......####....
.......D........# ###.#
[...............# ###
................#
................#
.$....########### ...... ######


You could see a steam dragon, an orc warrior and an orc priest.

Vanquished Creatures
  Maggie (D:6)
  A steam dragon (D:6)
  Duvessa (D:5)
  An orc warrior (D:7)
  A sky beast (D:7)
  2 black bears
  A phantom (D:6)
  2 kobold brigands
  A necrophage (D:8)
  2 scorpions
  3 wights (D:6)
  Dowan (D:5)
  2 jellies
  5 hounds
  Crazy Yiuf (D:7)
  3 iguanas
  5 orc wizards
  4 gnolls (D:6)
  6 adders
  A shadow imp (D:5)
  An ufetubus (D:5)
  3 worms
  3 dart slugs
  23 orcs
  4 bats
  10 endoplasms
  5 giant cockroaches
  14 goblins
  8 hobgoblins
  A jackal (D:3)
  17 kobolds
  8 quokkas
  4 ball pythons
  2 frilled lizards (D:1)
  7 rats
154 creatures vanquished.

Vanquished Creatures (others)
  An orc (D:8)
  6 plants
7 creatures vanquished.

Grand Total: 161 creatures vanquished

Notes
Turn   | Place    | Note
-------+----------+-------------------------------------------
     0 | D:1      | qeuew the Hill Orc Fighter began the quest for the Orb.
     0 | D:1      | Reached XP level 1. HP: 19/19 MP: 1/1
    16 | D:1      | Found a faded altar of an unknown god.
    23 | D:1      | Reached XP level 2. HP: 25/27 MP: 2/2
   173 | D:1      | Reached XP level 3. HP: 33/33 MP: 3/3
  1321 | D:3      | Found a radiant altar of Vehumet.
  1363 | D:3      | Reached skill level 1 in Dodging
  1500 | D:3      | Reached XP level 4. HP: 32/40 MP: 4/4
  1907 | D:3      | Identified a scroll of acquirement
  1960 | D:4      | Found a staircase to the Ecumenical Temple.
  2023 | D:4      | Found a hazy altar of Hepliaklqana.
  2045 | D:4      | Noticed a scorpion
  2058 | D:4      | Killed a scorpion
  2059 | D:4      | Reached XP level 5. HP: 43/47 MP: 5/5
  2268 | D:4      | Reached skill level 1 in Evocations
  2636 | D:4      | Found a runed translucent door.
  2641 | D:4      | Noticed Heh's ghost (amateur OpFi)
  2783 | D:4      | Gained mutation: You are dopey. (Int -2) [potion of
                  | mutation]
  2783 | D:4      | Lost mutation: You are dopey. (Int -2) [potion of mutation]
  2783 | D:4      | Gained mutation: Your flesh is cold resistant. (rC+)
                  | [potion of mutation]
  2795 | D:5      | Entered Level 5 of the Dungeon
  2891 | D:5      | Reached XP level 6. HP: 44/53 MP: 6/6
  2942 | D:5      | Found a glowing drain.
  2958 | Sewer    | Entered a sewer
  3378 | Sewer    | Lost mutation: Your flesh is cold resistant. (rC+) [potion
                  | of mutation]
  3378 | Sewer    | Gained mutation: Your spells are a little easier to cast,
                  | but a little less powerful. [potion of mutation]
  3378 | Sewer    | Gained mutation: Your muscles are strong. (Str +4, Int/Dex
                  | -1) [potion of mutation]
  3379 | Sewer    | Lost mutation: Your spells are a little easier to cast, but
                  | a little less powerful. [potion of mutation]
  3379 | Sewer    | Lost mutation: Your muscles are strong. (Str +4, Int/Dex
                  | -1) [potion of mutation]
  3379 | Sewer    | Gained mutation: You do not regenerate when monsters are
                  | visible. [potion of mutation]
  3379 | Sewer    | Gained mutation: You are frail. (-10% HP) [potion of
                  | mutation]
  3505 | D:5      | Reached skill level 5 in Fighting
  3656 | D:5      | Reached XP level 7. HP: 48/54 MP: 7/7
  3768 | D:5      | Noticed Dowan
  3769 | D:5      | Noticed Duvessa
  3784 | D:5      | Killed Duvessa
  3784 | D:5      | Killed Dowan
  4066 | D:5      | Reached skill level 5 in Axes
  4288 | D:6      | Reached skill level 5 in Armour
  4288 | D:6      | Reached skill level 5 in Shields
  4354 | D:6      | Noticed a steam dragon
  4364 | D:6      | Killed a steam dragon
  4365 | D:6      | Reached XP level 8. HP: 41/63 MP: 8/8
  4625 | D:6      | Noticed Maggie
  4629 | D:6      | Identified the +8 hand axe of Dissent {speed, Will+ Dex+5}
  4640 | D:6      | HP: 3/63 [Maggie/+2 halberd of flaming (10)]
  4861 | D:6      | Killed Maggie
  5083 | D:6      | Found Uniqaoll's General Store.
  5123 | D:6      | Found Qeuliudi's Specific Store.
  5125 | D:6      | Identified the +0 robe "Atiusmut" {rN+ Regen+ Int-2 Dex+5}
  5483 | D:7      | Found Huos's Weapon Emporium.
  5529 | D:7      | Found a sparkling altar of Nemelex Xobeh.
  5743 | D:7      | Reached XP level 9. HP: 60/70 MP: 9/9
  6387 | D:7      | Found a runed translucent door.
  6388 | D:7      | Noticed Crazy Yiuf
  6530 | D:7      | Killed Crazy Yiuf
  6621 | D:8      | Found Ugelaur's Hallowed Reliquary.
  6631 | D:8      | Noticed an angel
  6659 | D:8      | Slain by an orc warrior

Illustrated notes

Levels and vault maps discovered:
D:1:      amcnicky_arrival_double_pillar, layout_rooms,
          dreamdust_ecumenical_altar_statues, minivault_14
D:2:      layout_basic, serial_bayou_lagoon_b
D:3:      layout_basic, mainiacjoe_overflow_paths, minmay_quantized
D:4:      layout_loops_ring, overflow_temple_1_default,
          minmay_temple_entry_waves, serial_forest,
          infiniplex_forest_clump_small, infiniplex_forest_lined_3_way,
          infiniplex_forest_corner_1, infiniplex_forest_clump_medium,
          infiniplex_forest_pool, infiniplex_forest_lined_3_way,
          infiniplex_forest_clump_diagonal, infiniplex_forest_lined_ring,
          infiniplex_forest_clump_diagonal, infiniplex_forest_clump_medium,
          ebering_ghost_sewer_d
D:5:      corexii_shack_village, layout_basic, cheibrodos_sewer_entry_sluice,
          uniq_duvessa
D:6:      layout_loops_ring, nicolae_specific_store, uniq_maggie
D:7:      layout_loops_corners, nemelex_xobeh_ov_fountains_minmay, serial_shops,
          nicolae_shop_hallway_stairs, uniq_crazy_yiuf_cottage
D:8:      layout_rooms, nicolae_good_shop

Skill      XL: |  1  2  3  4  5  6  7  8  9 |
---------------+----------------------------+-----
Axes           | 3 4 5 6 |  6.9
Fighting       | 4 5 6 |  6.9
Dodging        | 1 2 3 |  3.9
Armour         | 4 5 6 |  6.4
Shields        | 4 5 6 |  6.4
Evocations     | 1 2 3 4 |  4.2

Action                   |  1- 3 |  4- 6 |  7- 9 || total
-------------------------+-------+-------+-------++-------
Melee: War axe           |    97 |   202 |    83 ||   382
       Hand axe          |       |       |   131 ||   131
  Use: Scroll            |     4 |    10 |     5 ||    19
       Potion            |     2 |     7 |     5 ||    14
Armor: Scale mail        |    45 |    97 |    73 ||   215
Dodge: Dodged            |    48 |    80 |    93 ||   221
Block: Buckler           |    30 |    38 |    44 ||   112

Table legend: (Time is in decaauts)
 A = Elapsed time spent in this place.
 B = Non-inter-level travel time spent in this place.
 C = Inter-level travel time spent in this place.
 D = Time resting spent in this place.
 E = Time spent auto-exploring this place.
 F = Levels seen in this place.
 G = Mean time per level.
                   A        B        C        D        E       F      G
               +--------+--------+--------+--------+--------+-----+--------+
         Total |   6851 |   6707 |    144 |    319 |   5209 |   9 |  761.2 |
       Dungeon |   6280 |   6136 |    144 |    319 |   4877 |   8 |  785.0 |
         Sewer |    571 |    571 |      0 |      0 |    332 |   1 |  571.0 |
               +--------+--------+--------+--------+--------+-----+--------+

Top non-repeatable levels by time:
     D:5: 1201 daAuts
     D:6: 1053 daAuts
     D:7: 1051 daAuts
     D:4: 893 daAuts
     D:2: 811 daAuts
     D:3: 640 daAuts
   Sewer: 571 daAuts
     D:1: 534 daAuts
     D:8: 92 daAuts
